 Dungeon Crawl Stone Soup version 0.21.1-1-g345015f (webtiles) character file.

3 Monsterracer the Insei (level 1, -2/15 HPs)
             Began as a Human Transmuter on Feb 13, 2018.
             Slain by a hobgoblin (4 damage)
             ... on level 1 of the Dungeon.
             The game lasted 00:00:28 (305 turns).

Monsterracer the Insei (Human Transmuter)            Turns: 305, Time: 00:00:28

Health: -2/15      AC:  2    Str: 10    XL:     1   Next: 55%
Magic:  2/3        EV: 12    Int: 13    God:
Gold:   0          SH:  0    Dex: 13    Spells: 3/4 levels left

rFire    . . .     SeeInvis .     - Unarmed
rCold    . . .     Gourm    .   (no shield)
rNeg     . . .     Faith    .   b - +0 robe
rPois    .         Spirit   .   (no helmet)
rElec    .         Reflect  .   (no cloak)
rCorr    .         Harm     .   (no gloves)
MR       .....                  (no boots)
Stlth    +.........             (no amulet)
HPRegen  0.05/turn              (no ring)
MPRegen  0.08/turn              (no ring)

@: appendage
A: horns 2
a: End Transformation


You were on level 1 of the Dungeon.
You were not hungry.
You had grown temporary horns.
You visited 1 branch of the dungeon, and saw 1 of its levels.

Inventory:

Missiles
 a - 12 arrows
Armour
 b - a +0 robe (worn)
Potions
 e - a potion of degeneration {unknown}
Books
 d - a book of Changes

   Spells                             Type                      Level
   a - Beastly Appendage              Transmutation                1
   b - Sticks to Snakes               Transmutation                2
   c - Spider Form                    Transmutation/Poison         3
   d - Ice Form                       Ice/Transmutation            4
   e - Blade Hands                    Transmutation                5
Comestibles
 c - a ration


   Skills:
 - Level 1.0 Fighting
 - Level 2.0 Dodging
 * Level 3.1 Unarmed Combat
 - Level 2.0 Spellcasting
 * Level 2.1 Transmutations


You had 3 spell levels left.
You knew the following spells:

 Your Spells              Type           Power        Failure   Level  Hunger
a - Beastly Appendage     Tmut           #.....       11%         1    ##.....


Dungeon Overview and Level Annotations

Branches:
Dungeon (1/15)

Altars:


Innate Abilities, Weirdness & Mutations

You have a pair of horns on your head.


Message History

The frilled lizard is severely wounded.
The frilled lizard bites you.
You take 3 damage, and have 10/15 hp.
You barely miss the frilled lizard.
The frilled lizard is severely wounded.
The frilled lizard closely misses you.
You miss the frilled lizard.
The frilled lizard is severely wounded.
The frilled lizard completely misses you.
You closely miss the frilled lizard.
You kill the frilled lizard!
You hit the kobold but do no damage. The kobold closely misses you.
You hit the kobold.
You kill the kobold!
Your talons disappear.
There is an open door, spattered with blood here.
MP restored: 3 HP restored.
A ball python comes into view.
Health restored: 15 A ball python is nearby!
A ball python is nearby!
Casting: Beastly Appendage
Confirm with . or Enter, or press ? or * to list all spells.
Your feet morph into talons.
You now have 2/3 mp.
Your transformation is almost over.
You closely miss the ball python.
You kill the ball python!
No target in view!
No target in view!
No target in view!
Magic restored.
Your talons disappear.
e - a glowing green potion MP restored: 3 You open the door.
There is an open door here.
You open the door.
There is an open door here.
You open the door.
There is an open door here.
There is an open door here.
There is an open door here.
There is an open door here.
Found 7 needles of sleeping.
A rat comes into view.
You hit the rat.
The rat is severely wounded.
You closely miss the rat.
The rat is severely wounded.
The rat bites you.
You take 2 damage, and have 13/15 hp.
A rat is nearby!
You hit the rat.
You kill the rat!
No target in view!
You see here a rat corpse.
You see here 7 needles of sleeping.
You open the door.
There is an open door here.
Found a spear.
Health restored: 15 No target in view!
You see here a spear.
A hobgoblin comes into view.
The hobgoblin shouts!
A hobgoblin is nearby!
A hobgoblin is nearby!
A hobgoblin is nearby!
The hobgoblin hits you.
You take 4 damage, and have 11/15 hp.
MASSIVE DAMAGE!!
You are too injured to fight recklessly!
A hobgoblin is nearby!
You are too injured to fight recklessly!
You are too injured to fight recklessly!
Casting: Beastly Appendage
Confirm with . or Enter, or press ? or * to list all spells.
You grow a pair of large bovine horns.
The hobgoblin closely misses you.
You now have 2/3 mp.
You hit the hobgoblin but do no damage. Your headbutt misses the hobgoblin.
The hobgoblin hits you.
You take 1 damage, and have 10/15 hp.
You hit the hobgoblin but do no damage. The hobgoblin hits you.
* * * LOW HITPOINT WARNING * * *
You take 3 damage, and have 7/15 hp.
You closely miss the hobgoblin. Your headbutt misses the hobgoblin.
The hobgoblin hits you.
* * * LOW HITPOINT WARNING * * *
You take 3 damage, and have 4/15 hp.
You closely miss the hobgoblin. Your headbutt misses the hobgoblin.
The hobgoblin hits you.
* * * LOW HITPOINT WARNING * * *
You take 2 damage, and have 2/15 hp.
You barely miss the hobgoblin.
The hobgoblin hits you but does no damage.
You hit the hobgoblin.
The hobgoblin is heavily wounded.
The hobgoblin hits you.
You die...

#####...###
##'##
#.........# #.#
#.###.###.# #.#
#.# #)# #.#
##.## #.#
#.###.######(..#
#.#
#...............
#.#
#####.######....
#.#######.#
#...#
#..@g.....#
#...#
###########
#.... ##... #.##
#.# #.# #.# #.#
#.#


You could see a hobgoblin.

Vanquished Creatures
  A kobold (D:1)
  A ball python (D:1)
  A frilled lizard (D:1)
  A rat (D:1)
4 creatures vanquished.

Notes
Turn   | Place    | Note
-------+----------+-------------------------------------------
     0 | D:1      | Monsterracer the Human Transmuter began the quest for the Orb.
     0 | D:1      | Reached XP level 1. HP: 15/15 MP: 3/3
   301 | D:1      | HP: 7/15 [hobgoblin (3)]
   303 | D:1      | HP: 2/15 [hobgoblin (2)]
   305 | D:1      | Slain by a hobgoblin

Action                   || total
-------------------------++-------
Melee: Unarmed           ||    22
       Kick              ||     2
 Cast: Beastly Appendage ||     3
Armor: Robe              ||     2
Dodge: Dodged            ||     7

Vault maps used:
D:1:      sevenhm_arrival_forest_fort_large_4
